 Dungeon Crawl Stone Soup version 0.18-a0-1312-gf98331d (webtiles) character file.

22 Oddball22 the Insei (level 2, 0/21 HPs)
             Began as a Demonspawn Transmuter on Feb 14, 2016.
             Slain by a kobold
             ... wielding a +0 whip
              (5 damage)
             ... on level 1 of the Dungeon.
             The game lasted 00:01:25 (793 turns).

Oddball22 the Insei (Demonspawn Transmuter)          Turns: 793, Time: 00:01:25

Health: 0/21       AC:  4    Str: 10    XL:     2   Next: 68%
Magic:  5/5        EV: 12    Int: 14    God:
Gold:   101        SH:  0    Dex: 13    Spells: 1 memorised, 4 levels left

rFire  . . .     SeeInvis .       - Unarmed
rCold  . . .     Gourm    .     b - +0 robe
rNeg   . . .     Faith    .     (no shield)
rPois  .         Spirit   .     (no helmet)
rElec  .         Dismiss  .     (no cloak)
rCorr  .         Reflect  .     (no gloves)
SustAt .         Harm     .     (no boots)
MR     .....                    (no amulet)
Stlth  +.........               (no ring)
                                (no ring)

@: not resistant to hostile enchantments, very unstealthy
A: slimy green scales 1
a: no special abilities


You were on level 1 of the Dungeon.
You were not hungry.

You visited 1 branch of the dungeon, and saw 1 of its levels.

You collected 101 gold pieces.

Inventory:

Hand Weapons
 h - a +1 short sword of speed
Missiles
 a - 34 arrows
Armour
 b - a +0 robe (worn)
Scrolls
 f - a scroll of recharging {unknown}
 g - a scroll of teleportation {unknown}
Potions
 e - a potion of cancellation {unknown}
 i - a potion of degeneration {unknown}
 k - a potion of curing {unknown}
Books
 c - a book of Changes

   Spells                             Type                      Level
   a - Beastly Appendage              Transmutation                1
   b - Sticks to Snakes               Transmutation                2
   c - Spider Form                    Transmutation/Poison         3
   d - Ice Form                       Ice/Transmutation            4
   e - Blade Hands                    Transmutation                5
Comestibles
 d - 3 bread rations
 j - 6 chunks of flesh


   Skills:
 - Level 1.0 Fighting
 + Level 2.4 Dodging
 * Level 3.2 Unarmed Combat
 - Level 2.0 Spellcasting
 - Level 1.7 Transmutations


You had 4 spell levels left.
You knew the following spells:

 Your Spells              Type           Power        Failure   Level  Hunger
a - Beastly Appendage     Trmt           #.....       14%         1    ##.....


Dungeon Overview and Level Annotations

Branches:
Dungeon (1/15)

Altars:


Innate Abilities, Weirdness & Mutations

You are partially covered in slimy green scales (AC +2).


Message History

You hit the kobold but do no damage. The rat closely misses you.
The kobold hits you with a whip.
You barely miss the kobold.
The rat twitches its whiskers.
The rat bites you but does no damage. The kobold hits you with a whip.
A giant gecko comes into view.
You closely miss the kobold. The rat misses you.
The kobold hits you with a whip.
You hit the kobold.
The kobold is moderately wounded.
The rat closely misses you. The kobold hits you but does no damage.
You closely miss the kobold.
The kobold is moderately wounded.
The rat bites you. The kobold barely misses you.
You closely miss the kobold.
The kobold is moderately wounded.
The rat bites you.
* * * LOW HITPOINT WARNING * * *
The kobold hits you with a whip.
You die...

###)###### ........... #####
###.###.... #...# # #.# ..
#...# # ### #.. #...#
##########.. ##...#
........##... ....##########
........##....##rK..........#
#.####.. #...l..@...........#
........##....##..>.........#
.....#..##(......##.........#
.....# #.................(#
<....# #.#####..#####.#####
.....# ##..##...## .....#
##.......# .....# ##.#.##.###
.##### #.##.#...#


You could see a giant gecko, a kobold and a rat.

Vanquished Creatures
  An ooze (D:1)
  2 bats (D:1)
  2 goblins (D:1)
  A hobgoblin (D:1)
  3 jackals (D:1)
  2 giant newts (D:1)
  5 kobolds (D:1)
  A rat (D:1)
17 creatures vanquished.

Notes
Turn   | Place    | Note
--------------------------------------------------------------
     0 | D:1      | Oddball22 the Demonspawn Transmuter began the quest for the Orb.
     0 | D:1      | Reached XP level 1. HP: 15/15 MP: 3/3
    44 | D:1      | Reached skill level 3 in Unarmed Combat
    51 | D:1      | Gained mutation: You are partially covered in slimy green scales (AC +2). [demonic ancestry]
    51 | D:1      | Reached XP level 2. HP: 18/21 MP: 3/5
   793 | D:1      | Slain by a kobold

Vault maps used:
D:1:      lemuel_arrival_room, minivault_14, minmay_misc_feat_tiny,
          minmay_misc_feat_ornament, interstate_on_off

Action                   || total
-------------------------++-------
Melee: Unarmed           ||    61
 Cast: Beastly Appendage ||     8
 Stab: Sleeping          ||     1
